AoeStats
← NuMa | Gacha

Arabia

505684882Analyzed
2v2 RM · 23d ago on Sep 10, 2026· 53m 17s· 4 players
Game mode
Random Map
Map size
Medium (4 player)
Population
200
Speed
Normal
Resources
Standard
Victory
Conquest
Starting age
Dark Age
Ending age
Imperial Age
RankedLock teamsTeams togetherTeam positionsShared explorationLock speedFull tech treeHidden civsTurbo modeCheats
Victory
Defeat
🇨🇴 Italians · Colombia
1025
+17
🇨🇴 Teutons · Colombia
942
+21
🇪🇸 Byzantines · Spain
1104
-21
🇪🇸 Magyars · Spain
993
-17
winter991
7:44 Loom
10:00 Feudal Age
18:34 Double-Bit Axe
20:04 Horse Collar
22:45 Castle Age
21:57 Town Watch
22:27 Forging
23:28 Bloodlines
24:05 Elite Skirmisher
25:43 Bow Saw
26:47 Scale Barding Armor
28:05 Heavy Plow
33:26 Imperial Age
32:20 Gold Mining
32:22 Stone Mining
33:04 Fletching
34:10 Wheelbarrow
35:10 Chemistry
36:49 Two-Man Saw
36:21 Crop Rotation
36:28 Stone Shaft Mining
36:29 Bodkin Arrow
37:30 Hand Cart
36:53 Cavalier
38:55 Guilds
42:51 Town Patrol
42:53 Padded Archer Armor
43:34 Ballistics
44:23 Conscription
44:57 Leather Archer Armor
45:19 Iron Casting
45:05 Chain Barding Armor
46:16 Scale Mail Armor
46:29 Fortified Wall
46:21 Paladin
NuMa | Gacha
7:03 Loom
10:04 Feudal Age
12:30 Double-Bit Axe
14:57 Bloodlines
22:52 Castle Age
20:55 Gold Mining
21:27 Fletching
22:36 Padded Archer Armor
23:12 Scale Barding Armor
23:40 Husbandry
23:11 Crossbowman
26:48 Pikeman
31:02 Forging
35:49 Iron Casting
36:42 Town Watch
42:38 Imperial Age
41:30 Wheelbarrow
41:21 Bow Saw
41:47 Stone Mining
43:48 Conscription
44:09 Elite Genoese Crossbowman
49:07 Hand Cart
50:04 Chemistry
49:56 Stone Shaft Mining
49:41 Town Patrol
50:40 Ballistics
YagoForTheWin!
6:46 Loom
9:53 Feudal Age
11:09 Double-Bit Axe
12:47 Horse Collar
23:00 Castle Age
21:10 Scale Barding Armor
22:49 Bloodlines
24:20 Chain Barding Armor
24:54 Heavy Plow
25:54 Bow Saw
35:02 Gold Mining
38:11 Imperial Age
38:10 Gold Shaft Mining
39:05 Wheelbarrow
40:17 Plate Barding Armor
39:23 Cavalier
43:04 Crop Rotation
43:17 Husbandry
44:05 Paladin
Velonidas
2:28 Loom
11:24 Feudal Age
12:46 Double-Bit Axe
12:41 Horse Collar
18:55 Padded Archer Armor
18:45 Fletching
21:52 Horse Collar
25:36 Castle Age
23:53 Scale Mail Armor
24:13 Gold Mining
24:25 Stone Mining
27:20 Forging
28:10 Pikeman
28:52 Squires
30:01 Chain Mail Armor
30:25 Iron Casting
34:48 Scale Barding Armor
35:00 Bow Saw
39:35 Imperial Age
37:44 Wheelbarrow
37:54 Chain Barding Armor
40:16 Halberdier
42:04 Plate Mail Armor
43:26 Logistica
44:32 Conscription
48:49 Ballistics
51:55 Plate Barding Armor
50:48 Elite Cataphract
Connection lost

Rejoining the realm…

Still unreachable

The connection could not be restored.

Session expired

The server has moved on; the page needs a fresh start.